 Seeded DCSS version 0.30.0-15-g856e2d3f33 (webtiles) character file.

Game seed: 12735965570273765983 (custom seed)

34068 Pimp the Tortoise (level 13, -4/82 HPs)
             Began as a Gargoyle Monk on May 19, 2023.
             Was the Champion of Okawaru.
             Killed by divine providence
             ... invoked by an orc high priest
              (11 damage)
             ... on level 2 of the Orcish Mines.
             The game lasted 00:42:52 (16958 turns).

Pimp the Tortoise (Gargoyle Monk)                  Turns: 16958, Time: 00:42:52

Health: -4/82      AC: 41    Str: 24    XL:     13   Next: 75%
Magic:  13/13      EV:  8    Int: 11    God:    Okawaru [******]
Gold:   1389       SH: 23    Dex: 12    Spells: 12/12 levels left

rFire   . . .        f - +5 flail (heavy)
rCold   + + .        Y - +2 tower shield {rC+}
rNeg    + + +        G - +6 chain mail of Eternity {Slay+3}
rPois   ∞            k - +2 helmet
rElec   +            (no cloak)
rCorr   .            l - +2 pair of gloves
SInv    .            e - +3 pair of mountain boots {steadfast, rC+}
Will    .....        p - amulet of reflection Stlth
                     h - ring "Zoysh" {+Blink rN+ Str+4 Slay+2}
HPRegen 0.33/turn    t - ring of positive energy
MPRegen 0.13/turn

%: reflection
@: no status effects
A: sickness immunity, AC +9, negative energy resistance 1, electricity
resistance, torment resistance 1, petrification resistance
a: Renounce Religion, Evoke Blink, Heroism, Finesse, Duel


You were on level 2 of the Orcish Mines.
You worshipped Okawaru.
Okawaru was exalted by your worship.
You visited 3 branches of the dungeon, and saw 17 of its levels.

You collected 1593 gold pieces.
You spent 204 gold pieces at shops.

Inventory:

Hand Weapons
 f - a +5 heavy flail (weapon)
 C - the +2 scimitar of Qeapla {drain, Drain rF++ Str+3 Stlth+}
   (You found it on level 5 of the Dungeon)

   Str:       It affects your strength (+3).
   rF:        It greatly protects you from fire.
   Drain:     It drains your maximum health when unequipped.
   Stlth:     It makes you more stealthy.
 J - the +7 staff of the Meek {protect, meekguard}
   (You found it on level 8 of the Dungeon)
 T - a +0 great mace of holy wrath
 V - the +5 mace of Severance {flame, rElec rCorr}
   (You found it on level 13 of the Dungeon)

   rElec:     It insulates you from electricity.
   rCorr:     It protects you from acid and corrosion.
Missiles
 H - 3 atropa-tipped darts
 R - a curare-tipped dart
 S - a throwing net
Armour
 d - an orb of light
 e - the +3 pair of mountain boots (worn) {steadfast, rC+}
   (You acquired it on level 1 of the Dungeon)

   Steadfast: It prevents involuntary movement, except for blinking,
   teleportation, or banishment.
   rC:        It protects you from cold.
 k - a +2 helmet (worn)
 l - a +2 pair of gloves (worn)
 A - a +2 tower shield
 G - the +6 chain mail of Eternity (worn) {Slay+3}
   (Okawaru gifted it to you on level 13 of the Dungeon)

   Slay:      It affects your accuracy & damage with ranged weapons and melee
   (+3).
 M - the +0 helmet "Ypueruih" {-Tele rC+ rN+ rCorr}
   (Okawaru gifted it to you on level 9 of the Dungeon)

   rC:        It protects you from cold.
   rN:        It protects you from negative energy.
   -Tele:     It prevents most forms of teleportation.
   rCorr:     It protects you from acid and corrosion.
 O - the +1 pair of boots of Qazlal's Approval {-Cast +Blink Fly Regen+}
   (You found it on level 9 of the Dungeon)

   Fly:       It grants you flight.
   +Blink:    It lets you blink.
   -Cast:     It prevents spellcasting.
   Regen:     It increases your rate of health regeneration.
 Y - a +2 tower shield of cold resistance (worn)
Jewellery
 g - an amulet of the acrobat
 h - the ring "Zoysh" (left hand) {+Blink rN+ Str+4 Slay+2}
   (You acquired it on level 1 of the Dungeon)

   [ring of positive energy]

   Str:       It affects your strength (+4).
   Slay:      It affects your accuracy & damage with ranged weapons and melee
   (+2).
   rN:        It protects you from negative energy.
   +Blink:    It lets you blink.
 p - an amulet of reflection (around neck)
 t - a ring of positive energy (right hand)
 K - the amulet of Yrazoxe {Spirit *Slow rN+ Int+5 Stlth+}
   (You found it on level 9 of the Dungeon)

   [amulet of guardian spirit]

   It causes incoming damage to be divided between your reserves of health and
   magic.
   Int:       It affects your intelligence (+5).
   rN:        It protects you from negative energy.
   *Slow:     It may slow you when you take damage.
   Stlth:     It makes you more stealthy.
 N - an amulet of magic regeneration
 P - a ring of wizardry
Wands
 b - a wand of polymorph (6)
 u - a wand of digging (1)
 z - a wand of iceblast (5) (quivered)
 E - a wand of paralysis (29)
 I - a wand of flame (37)
Scrolls
 m - a scroll of magic mapping {unknown}
 y - 3 scrolls of fog
 D - 3 scrolls of teleportation
 U - a scroll of brand weapon
Potions
 c - a potion of ambrosia
 i - 2 potions of haste
 j - a potion of magic {unknown}
 n - 2 potions of mutation
 q - 5 potions of brilliance
 r - 8 potions of curing
 v - 3 potions of might
 w - 3 potions of berserk rage
 B - 3 potions of lignification
 F - 2 potions of invisibility {unknown}
 L - a potion of flight {unknown}
 Q - 5 potions of attraction
 W - a potion of cancellation {unknown}
Miscellaneous
 x - a piece from Xom's chessboard (15/15)


   Skills:
 + Level 9.9 Fighting
 + Level 11.8 Maces & Flails
 - Level 16.0 Armour
 - Level 3.0 Dodging
 + Level 11.9 Shields


You had 12 spell levels left.
You didn't know any spells.
Your spell library contained the following spells:

 Spells                   Type           Power      Damage    Failure   Level
 Slow                     Hex            0%         N/A       98%         1
 Lesser Beckoning         Tloc           0%         N/A       99%         2
 Wereblood                Tmut           0%         N/A       99%         2
 Confusing Touch          Hex            0%         N/A       100%        3
 Dazzling Flash           Conj/Hex       0%         N/A       100%        3
 Gell's Gravitas          Tloc           0%         N/A       100%        3
 Teleport Other           Tloc           0%         N/A       100%        3
 Vampiric Draining        Necr           0%         2d6       100%        3
 Volatile Blastmotes      Fire/Tloc      0%         2d10      100%        3
 Iskenderun's Mystic Bla  Conj/Tloc      0%         2d3       100%        4
 Passage of Golubria      Tloc           0%         N/A       100%        4
 Fireball                 Conj/Fire      0%         3d3       100%        5
 Freezing Cloud           Conj/Ice/Air   0%         6-21      100%        5
 Iskenderun's Battlesphe  Conj           0%         2d6       100%        5
 Silence                  Hex/Air        0%         N/A       100%        5
 Conjure Ball Lightning   Conj/Air       0%         3x3d6     100%        6
 Starburst                Conj/Fire      0%         6d3       100%        6
 Orb of Destruction       Conj           0%         9d5       100%        7
 Lehudib's Crystal Spear  Conj/Erth      0%         10d2      100%        8
 Chain Lightning          Conj/Air       0%         N/A       100%        9
 Fire Storm               Conj/Fire      0%         5d1       100%        9
 Polar Vortex             Ice            0%         N/A       100%        9
 Shatter                  Erth           0%         3d5*      100%        9
 Summon Small Mammal      Summ           Unusable   N/A       N/A         1
 Sublimation of Blood     Necr           Unusable   N/A       N/A         2
 Call Canine Familiar     Summ           Unusable   N/A       N/A         3
 Summon Guardian Golem    Hex/Summ       Unusable   N/A       N/A         3
 Simulacrum               Ice/Necr       Unusable   N/A       N/A         6
 Summon Hydra             Summ           Unusable   N/A       N/A         7

Dungeon Overview and Level Annotations

Branches:
Dungeon (14/15)            Temple (1/1) D:5            Lair (0/5) D:11
    Orc (2/2) D:9             Elf (0/3) Orc:2        Vaults (0/5) D:14

Altars:
Dithmenos
Elyvilon
Fedhas
Gozag
Hepliaklqana
Kikubaaqudgha
Makhleb
Nemelex Xobeh
Okawaru
Qazlal
Ru
Sif Muna
Uskayaw
Vehumet
Wu Jian
Xom
Yredelemnul
The Shining One

Shops:
D:11 *   D:12 *   Orc:2 (

Portals:
Trove: D:11 (give +6 demon whip)

Annotations:
D:5 2 transporters, Licon's ghost, novice DsGl
Orc:2 3 runed translucent doors, Pimp's ghost, journeyman FoFi


Innate Abilities, Weirdness & Mutations

You are immune to sickness and miasma.
Your stone body is resilient. (AC +9)
You are immune to poison.
You resist negative energy. (rN+)
You are resistant to electric shocks. (rElec)
You are resistant to unholy torment.
You are immune to petrification.


Message History

The hellwing hits you but does no damage.
The ufetubus barely misses you. x2
The orange demon stings you but does no damage.
The ynoxinul gestures.
The hellwing hits you but does no damage.
You block the hellwing's attack.
The orc high priest hits you with a +0 glaive!
* * * LOW HITPOINT WARNING * * *
You bludgeon the orc high priest!!
The orc high priest is almost dead.
The ufetubus disappears in a puff of smoke!
You block the ufetubus's attack. x3; The ufetubus closely misses you.
You block the ufetubus's attack.
The ufetubus hits you but does no damage.
The ynoxinul completely misses you.
The ufetubus hits you but does no damage.
You block the ufetubus's attack. x3
The orange demon stings you but does no damage.
The orc high priest hits you but does no damage.
The hellwing hits you!
* * * LOW HITPOINT WARNING * * *
The hellwing closely misses you. The ufetubus barely misses you.
The ufetubus hits you but does no damage. x3
Okay, then.
Blink to where?
Press: ? - help, Dir - move target
As you read the scroll of blinking, it crumbles to dust.
Aiming: Iceblast
Press: ? - help, Q - select action, (/) - cycle Shift-Dir - straight line, f - ufetubus
Aim: an ufetubus (summoned)
The mass of ice explodes!
The iceblast engulfs the ufetubus!
The ufetubus partially resists.
You kill the ufetubus!
The ufetubus disappears in a puff of smoke!
The iceblast engulfs the ufetubus.
The ufetubus partially resists.
The ufetubus is heavily wounded.
The iceblast engulfs the hellwing but does no damage.
The orc high priest mumbles some strange prayers to Beogh against you.
Beogh smites you!
You die...

.......55)#.#.÷..÷4..#...........
......§..o))## #.....#.....
.........554.# ##.#......#..
.........).5.# #..........#.
........))...### ###............
........))))...####..............
........)))).................#...
...............5..............#..
.........)......@..............#.
..............................#..
.................................
.................................
..........................>.##...
............................##...
.............)......#....#.#....#
...............................##
...............................#


You could see an orc high priest, a hellwing (summoned) and 4 ufetubi.

Vanquished Creatures
  A hydra (D:12)
  A rakshasa (D:13)
  A vault guard (D:14)
  2 two-headed ogres (D:10)
  6 centaur warriors
  4 boulder beetles
  2 orc high priests (Orc:2)
  Nergalle (D:11)
  3 skeletal warriors
  4 orc knights (Orc:2)
  5 orc sorcerers
  An ugly thing (D:12)
  2 manticores
  A cyclops (D:9)
  Maggie (D:7)
  3 unseen horrors
  A freezing wraith (D:13)
  2 tengu conjurers (D:14)
  5 trolls
  A hornet (D:7)
  8 slime creatures
  2 shadows
  A wraith (D:13)
  A vampire (D:12)
  8 yaks
  Eustachio (D:5)
  5 wyverns
  A basilisk (D:13)
  7 vampire mosquitoes
  5 wargs (Orc:2)
  Edmund (D:6)
  5 water moccasins
  4 acid dragons
  27 orc warriors
  An ice beast (D:7)
  A sky beast (D:7)
  5 black bears
  2 ogres
  5 wolves
  A phantom (D:5)
  A kobold brigand (D:10)
  4 bullfrogs
  2 gnoll sergeants (D:9)
  5 scorpions
  7 wights
  9 killer bees
  2 howler monkeys
  A jelly (D:6)
  6 hounds
  20 orc priests
  A gnoll bouda (D:5)
  4 sleepcaps
  Jessica (D:3)
  Terence (D:2)
  An iguana (D:6)
  24 orc wizards
  17 gnolls
  7 adders
  A shadow imp (D:7)
  A white imp (D:6)
  2 ufetubi (D:6)
  2 worms
  A dart slug (D:3)
  83 orcs
  8 ball pythons
  7 bats
  4 endoplasms
  2 giant cockroaches
  9 goblins
  6 hobgoblins
  7 jackals
  11 kobolds
  7 quokkas
  4 frilled lizards
  5 rats
411 creatures vanquished.

Vanquished Creatures (others)
  An orc priest (Orc:2)
  2 orcs
3 creatures vanquished.

Grand Total: 414 creatures vanquished

Notes
Turn   | Place    | Note
-------+----------+-------------------------------------------
     0 | D:1      | Pimp the Gargoyle Monk began the quest for the Orb.
     0 | D:1      | Reached XP level 1. HP: 14/14 MP: 1/1
    40 | D:1      | Identified 2 scrolls of acquirement
    40 | D:1      | Acquired the ring "Zoysh" {+Blink rN+ Str+4 Slay+2}
    42 | D:1      | Acquired the +3 pair of mountain boots {steadfast, rC+}
    42 | D:1      | Found the +3 pair of mountain boots {steadfast, rC+}
    70 | D:1      | Reached XP level 2. HP: 9/19 MP: 2/2
   350 | D:1      | Reached XP level 3. HP: 24/24 MP: 3/3
   989 | D:2      | Reached XP level 4. HP: 22/29 MP: 4/4
  1193 | D:2      | Found a stormy altar of Qazlal.
  1204 | D:2      | Noticed Terence
  1215 | D:2      | Killed Terence
  1216 | D:2      | Reached skill level 1 in Armour
  1851 | D:3      | Reached XP level 5. HP: 33/33 MP: 5/5
  1951 | D:3      | Reached skill level 2 in Armour
  2128 | D:3      | Noticed Jessica
  2131 | D:3      | Killed Jessica
  2335 | D:4      | Found a basalt altar of Yredelemnul.
  2436 | D:4      | Found a radiant altar of Vehumet.
  2497 | D:4      | Found a blossoming altar of Fedhas.
  2523 | D:4      | Found a hazy altar of Hepliaklqana.
  2678 | D:4      | Found a shadowy altar of Dithmenos.
  2857 | D:5      | Entered Level 5 of the Dungeon
  2859 | D:5      | Found a transporter.
  2859 | D:5      | Noticed Licon's ghost (novice DsGl)
  2859 | D:5      | Identified the +6 great mace "Zabrocita" {flame, rPois rF-
                  | Str+3}
  2859 | D:5      | Noticed an ogre
  2924 | D:5      | Noticed a phantom
  2930 | D:5      | Reached skill level 3 in Armour
  2930 | D:5      | Reached skill level 1 in Shields
  2930 | D:5      | Reached XP level 6. HP: 35/39 MP: 6/6
  2932 | D:5      | Identified the +2 scimitar of Qeapla {drain, Drain rF++
                  | Str+3 Stlth+}
  3127 | D:5      | Found a staircase to the Ecumenical Temple.
  3153 | D:5      | Reached skill level 4 in Armour
  3171 | Temple   | Entered the Ecumenical Temple
  3211 | Temple   | Became a worshipper of Warmaster Okawaru
  3211 | Temple   | Reached * piety under Okawaru
  3211 | Temple   | Reached ** piety under Okawaru
  3253 | D:5      | Found a hide-covered altar of Uskayaw.
  3276 | D:5      | Reached XP level 7. HP: 33/44 MP: 7/7
  3644 | D:5      | Found a transporter.
  3950 | D:5      | Found an ornate altar of the Wu Jian Council.
  4171 | D:6      | Noticed Eustachio
  4193 | D:5      | Reached skill level 5 in Maces & Flails
  4223 | D:6      | Reached skill level 5 in Armour
  4285 | D:5      | Killed Eustachio
  4286 | D:5      | Reached skill level 6 in Armour
  4286 | D:5      | Reached XP level 8. HP: 48/48 MP: 8/8
  4614 | D:6      | Noticed Edmund
  4618 | D:6      | Killed Edmund
  4618 | D:6      | Reached *** piety under Okawaru
  4723 | D:6      | Reached skill level 7 in Armour
  5622 | D:7      | Noticed Maggie
  5627 | D:7      | Killed Maggie
  5628 | D:7      | Reached skill level 8 in Armour
  5628 | D:7      | Reached skill level 5 in Shields
  5628 | D:7      | Reached XP level 9. HP: 52/52 MP: 9/9
  5903 | D:7      | Noticed a hornet
  5916 | D:7      | Killed a hornet
  5916 | D:7      | Reached **** piety under Okawaru
  5926 | D:7      | Reached skill level 9 in Armour
  6189 | D:7      | Reached ***** piety under Okawaru
  6347 | D:7      | Found a white marble altar of Elyvilon.
  6784 | D:8      | Found a sparkling altar of Nemelex Xobeh.
  6818 | D:8      | Reached skill level 10 in Armour
  6888 | D:8      | Reached XP level 10. HP: 58/58 MP: 10/10
  7105 | D:8      | Received a gift from Okawaru
  7851 | D:8      | Found the +7 staff of the Meek {protect, meekguard}
  7996 | D:9      | Found an ancient bone altar of Kikubaaqudgha.
  7999 | D:9      | Identified the amulet of Yrazoxe {Spirit *Slow rN+ Int+5
                  | Stlth+}
  8449 | D:9      | Reached skill level 11 in Armour
  8615 | D:9      | Identified the +0 helmet "Ypueruih" {-Tele rC+ rN+ rCorr}
                  | (Okawaru gifted it to you on level 9 of the Dungeon)
  8615 | D:9      | Received a gift from Okawaru
  8711 | D:9      | Noticed a cyclops
  8717 | D:9      | Killed a cyclops
  8878 | D:9      | Found a glowing golden altar of the Shining One.
  8968 | D:9      | Reached skill level 12 in Armour
  8981 | D:9      | Identified the +1 pair of boots of Qazlal's Approval {-Cast
                  | +Blink Fly Regen+}
  9349 | D:9      | Found a staircase to the Orcish Mines.
  9485 | D:10     | Entered Level 10 of the Dungeon
  9535 | D:10     | Reached XP level 11. HP: 60/62 MP: 11/11
  9747 | D:10     | Noticed a two-headed ogre
  9754 | D:10     | Killed a two-headed ogre
  9755 | D:10     | Reached skill level 5 in Fighting
  9932 | D:10     | Noticed a two-headed ogre
  9937 | D:10     | Killed a two-headed ogre
 10739 | D:11     | Reached skill level 13 in Armour
 10739 | D:11     | Found a staircase to the Lair.
 10856 | D:11     | Noticed a boulder beetle
 10878 | D:11     | Killed a boulder beetle
 10948 | D:11     | Found a portal to a secret trove of treasure.
 11106 | D:11     | Noticed a boulder beetle
 11134 | D:11     | Killed a boulder beetle
 11232 | D:11     | Got the Catalogue of Cold
 11280 | D:11     | Received a gift from Okawaru
 11331 | D:11     | Noticed Nergalle
 11341 | D:11     | Killed Nergalle
 11557 | D:11     | Found Notzoick's Assorted Antiques.
 11566 | D:11     | Bought a scroll of identify for 60 gold pieces
 11566 | D:11     | Bought a bubbling grey potion for 27 gold pieces
 11566 | D:11     | Bought a bubbling grey potion for 27 gold pieces
 11566 | D:11     | Bought a potion of curing for 90 gold pieces
 11849 | D:12     | Found Gaclimy's Assorted Antiques.
 11875 | D:12     | Noticed a six-headed hydra
 11885 | D:12     | Killed a six-headed hydra
 11886 | D:12     | Reached XP level 12. HP: 59/71 MP: 12/12
 11939 | D:11     | Reached ****** piety under Okawaru
 12098 | D:12     | Reached skill level 10 in Maces & Flails
 12098 | D:12     | Reached skill level 14 in Armour
 12340 | D:12     | Reached skill level 10 in Shields
 12804 | D:13     | Noticed a rakshasa
 12813 | D:13     | Received a gift from Okawaru
 12828 | D:13     | Killed a rakshasa
 12996 | D:13     | Noticed a centaur warrior
 12999 | D:13     | Killed a centaur warrior
 13333 | D:13     | Noticed a centaur warrior
 13333 | D:13     | Noticed a centaur warrior
 13344 | D:13     | Killed a centaur warrior
 13345 | D:13     | Reached skill level 15 in Armour
 13489 | D:13     | Killed a centaur warrior
 13744 | D:13     | Identified the +6 chain mail of Eternity {Slay+3} (Okawaru
                  | gifted it to you on level 13 of the Dungeon)
 13744 | D:13     | Received a gift from Okawaru
 13854 | D:13     | Identified the +5 mace of Severance {flame, rElec rCorr}
 14371 | D:14     | Noticed a centaur warrior
 14375 | D:14     | Killed a centaur warrior
 14376 | D:14     | Reached XP level 13. HP: 79/79 MP: 13/13
 14563 | D:14     | Found a gate to the Vaults.
 14563 | D:14     | Noticed a vault guard
 14575 | D:14     | Killed a vault guard
 14862 | Orc:1    | Entered Level 1 of the Orcish Mines
 14951 | Orc:1    | Paralysed by an orc sorcerer for 4 turns
 15205 | Orc:2    | Entered Level 2 of the Orcish Mines
 15345 | Orc:2    | Found a burning altar of Makhleb.
 15691 | Orc:2    | Reached skill level 16 in Armour
 15762 | Orc:2    | Found a runed translucent gate.
 15762 | Orc:2    | Found a runed translucent gate.
 15762 | Orc:2    | Found a runed translucent gate.
 15764 | Orc:2    | Noticed Pimp's ghost (journeyman FoFi)
 15798 | Orc:2    | Paralysed by an orc sorcerer for 5 turns
 15804 | Orc:2    | Received a gift from Okawaru
 15833 | Orc:2    | Found a staircase to the Elven Halls.
 16105 | Orc:2    | Found Gaysuqaka's Antique Weapon Emporium.
 16905 | Orc:2    | Paralysed by an orc sorcerer for 4 turns
 16958 | Orc:2    | Killed from afar by an orc high priest

Illustrated notes

Levels and vault maps discovered:
D:1:      dpeg_arrival_long_road, layout_loops_cross, hex_tiny
D:2:      minmay_evil_eye, layout_basic, basic_altar, minmay_ruptured,
          uniq_terence
D:3:      layout_loops_ring, minmay_surrounded, uniq_jessica
D:4:      layout_cave_pools, mainiacjoe_overflow_brackets,
          mainiacjoe_overflow_24_doors, mainiacjoe_overflow_catwalk, minitemple
D:5:      layout_basic, eat_drink_and_be_merry_uskayaw, kennysheep_little_box,
          minmay_temple_entry_glassed_door, gammafunk_ghost_smash, minivault_25
D:6:      old_forge, layout_loops_corners, uniq_edmund, uniq_eustachio
D:7:      minmay_angry_zag, layout_loops_ring, mainiacjoe_overflow_alcove_2,
          uniq_maggie
D:8:      layout_basic, nemelex_diamond_rough_becter, pf_guarded_unrand_meek
D:9:      layout_basic, tso_altar, old_standard_altar, erik_orc_2
D:10:     hellmonk_crumbling_castle, layout_irregular_city
D:11:     layout_loops_ring, minmay_lair_entry_grove, enter_trove_0,
          serial_shops, shop, nzn_sisyphean_effort, uniq_nergalle
D:12:     layout_rooms, serial_shops, shop
D:13:     layout_basic
D:14:     layout_basic, david_vaults_5, minmay_misc_feat_tiny,
          kennysheep_doodads, hangedman_decor_clover_reticule
Temple:   jpeg_temple_clearing
Orc:1:    layout_caves
Orc:2:    grunt_orc_tribal_feast, layout_caves, basic_altar,
          ebering_ghost_rock_garden, serial_shops, shop, mines5_lemuel

Skill      XL: |  1  2  3  4  5  6  7  8  9 10 11 12 13 |
---------------+----------------------------------------+-----
Fighting       | 4 6 8 9 |  9.9
Dodging        | 3 |  3.0
Armour         | 1 3 4 6 8 10 12 13 15 16 | 16.0
Maces & Flails | 4 5 6 7 8 9 10 11 | 11.8
Shields        | 1 2 3 5 6 8 9 10 11 | 11.9

Action                     |  1- 3 |  4- 6 |  7- 9 | 10-12 | 13-15 || total
---------------------------+-------+-------+-------+-------+-------++-------
  Melee: Mace              |    81 |    13 |       |       |       ||    94
         Flail             |       |   112 |   251 |   534 |   287 ||  1184
  Evoke: Wand              |       |     1 |       |    11 |     3 ||    15
    Use: Scroll            |     2 |    10 |       |    14 |     9 ||    35
         Potion            |       |       |       |     1 |     4 ||     5
 Armour: Robe              |    31 |    25 |       |       |       ||    56
         Plate armour      |       |    42 |   401 |   455 |       ||   898
         Chain mail        |       |       |       |    20 |   372 ||   392
  Dodge: Dodged            |    62 |    66 |    83 |   158 |   132 ||   501
  Block: Tower shield      |       |    64 |   280 |   729 |   535 ||  1608
         Reflection        |       |       |       |    19 |    19 ||    38
